 Dungeon Crawl Stone Soup version 0.31-a0-365-gcf821cafb2 (webtiles) character file.

Game seed: 3792729528464284504

2037 LeprechaunX the Grappler (level 9, 0/91 HPs)
             Began as an Octopode Shapeshifter on July 27, 2023.
             Was an Initiate of Hepliaklqana.
             Succumbed to a killer bee's poison
             ... on level 6 of the Dungeon.
             The game lasted 00:08:26 (5338 turns).

LeprechaunX the Grappler (Octopode Shapeshifter)    Turns: 5338, Time: 00:08:26

Health: 0/91       AC: 24    Str: 16    XL:     9   Next: 24%
Magic:  18/18      EV:  2    Int: 10    God:    Hepliaklqana [......]
Gold:   283        SH:  5    Dex: 15    Spells: 8/8 levels left

rFire   . .          .
                       - Unarmed
rCold   . . .        (no shield)
rNeg    . . .        (helmet currently unavailable)
rPois   +            e - amulet of reflection
rElec   .            k - ring of magical power
rCorr   .            (no ring)
SInv    .            (no ring)
Will    .....        (no ring)
Stlth   +            (no ring)
HPRegen 0.35/turn    (no ring)
MPRegen 0.16/turn    (no ring)
                     (no ring)

%: reflection
@: lethally poisoned (0 -> -4), tree-form (expiring)
A: stationary, stasis, torment immunity, boosted hp, almost no armour,
(amphibious), 8 rings, (camouflage 1), (gelatinous body 1), (nimble swimmer 1),
(tentacles)
a: Renounce Religion


You were on level 6 of the Dungeon.
You worshipped Hepliaklqana.
Hepliaklqana was noncommittal.
You were a tree.
You visited 2 branches of the dungeon, and saw 7 of its levels.

You collected 283 gold pieces.

Inventory:

Hand Weapons
 a - a +0 sling of freezing
Missiles
 p - 3 silver javelins (quivered)
 w - 2 javelins
Jewellery
 e - an amulet of reflection (around neck)
 k - a ring of magical power (left branch)
 C - the brooch of Shielding {Spirit SH+8}
   (You took it off an orc on level 6 of the Dungeon)

   [amulet of guardian spirit]

   It causes incoming damage to be divided between your reserves of health and
   magic.
   SH:        It affects your SH (+8).
 D - a +6 ring of intelligence
Talismans
 b - a beast talisman
 z - a talisman of death
Wands
 r - a wand of iceblast (14)
 u - a wand of flame (6)
 x - a wand of paralysis (7)
Scrolls
 d - 6 scrolls of teleportation {unknown}
 f - a scroll of acquirement {unknown}
 h - a scroll of fog {unknown}
 i - 2 scrolls of vulnerability {unknown}
 j - 2 scrolls of fear {unknown}
 n - 2 scrolls of enchant weapon {unknown}
 s - 2 scrolls of immolation {unknown}
 t - a scroll of butterflies {unknown}
 y - a scroll of revelation {unknown}
 B - a scroll of blinking {unknown}
 E - a scroll of identify {unknown}
Potions
 c - 2 potions of resistance {unknown}
 g - a potion of attraction {unknown}
 l - a potion of heal wounds {unknown}
 m - 2 potions of haste {unknown}
 o - 2 potions of enlightenment {unknown}
 q - 3 potions of curing {unknown}
 v - a potion of lignification
 A - a potion of brilliance {unknown}


   Skills:
 + Level 5.6 Fighting
 - Level 3.0 Ranged Weapons
 - Level 2.0 Dodging
 + Level 8.1 Unarmed Combat
 * Level 6.1 Shapeshifting


You had 8 spell levels left.
You didn't know any spells.
Your spell library contained the following spells:

 Spells                   Type           Power      Damage    Failure   Level
 Ensorcelled Hibernation  Hex/Ice        0%         N/A       50%         2
 Passwall                 Tmut/Erth      0%         N/A       50%         2
 Searing Ray              Conj           0%         2d4       50%         2
 Swiftness                Air            0%         N/A       75%         3
 Conjure Ball Lightning   Conj/Air       0%         3x3d6     100%        6


Dungeon Overview and Level Annotations

Branches:
Dungeon (6/15)             Temple (1/1) D:6

Altars:
Ashenzari
Cheibriados
Dithmenos
Elyvilon
Fedhas
Hepliaklqana
Kikubaaqudgha
Makhleb
Nemelex Xobeh
Qazlal
Ru
Sif Muna
Trog
Uskayaw
Vehumet
Wu Jian
Xom
Yredelemnul
Zin
The Shining One

Shops:
D:2 *


Innate Abilities, Weirdness & Mutations

You are a tree.
Your roots penetrate the ground, keeping you stationary.
You cannot be teleported.
You are immune to unholy pain and torment.
Your maximum health is greatly increased.
You cannot wear most types of armour.
((You are amphibious.))
You can wear up to eight rings at the same time.
((Your skin changes colour to match your surroundings (Stealth+).))
((Your rubbery body absorbs attacks. (AC +1, EV +1)))
((You are camouflaged when in or above water. (Stealth+)))
((You have tentacles for arms and can constrict up to eight enemies at once.))


Message History

The killer bee is heavily wounded.
You feel sick.
The killer bee stings you but does no damage.
You block the killer bee's attack.
You closely miss the killer bee.
The killer bee is heavily wounded.
You feel sick. The killer bee stings you.
* * * LOW HITPOINT WARNING * * *
The killer bee stings you.
* * * LOW HITPOINT WARNING * * *
You are more poisoned.
The killer bee poisons you!
You miss the killer bee.
The killer bee is heavily wounded.
You feel very sick.
The killer bee stings you but does no damage.
You completely miss the killer bee.
The killer bee is heavily wounded.
You feel sick. The killer bee stings you.
* * * LOW HITPOINT WARNING * * *
You block the killer bee's attack.
Unknown command.
You closely miss the killer bee.
The killer bee is heavily wounded.
You feel sick.
The killer bee stings you but does no damage. x2
You miss the killer bee.
The killer bee is heavily wounded.
You feel sick.
The killer bee stings you but does no damage.
You block the killer bee's attack.
You barely miss the killer bee.
The killer bee is heavily wounded.
Your transformation is almost over.
You feel sick. The killer bee stings you!
* * * LOW HITPOINT WARNING * * *
Unknown command.
You barely miss the killer bee.
The killer bee is heavily wounded.
You die...

.>.......#.#.#.....#
#.....#.#...
...#P###..######..##
###..######.
#.######### #..###
..## #..# P.P#
#....# ###..# ###
###. ..## #.#####
#..### #..# .#####.#
#..###.# . ## .
.....#.# #...##.# .#
...
.......####.#....#
#... .....
............####♣#
...# .....
..##.######## #y#..#
..... ..##.#
########y.># .....
..##<# .........###
#.#### ...y.....#
..# ...y.....# ###
<.......## .......!#
........#


You could see 2 killer bees.

Vanquished Creatures
  Pikel (D:3)
  2 water moccasins
  A sky beast (D:4)
  3 lemures (D:4)
  2 phantoms (D:6)
  3 scorpions
  4 wights (D:6)
  A killer bee (D:6)
  4 hounds
  A gnoll bouda (D:6)
  3 jellies
  A sleepcap (D:4)
  Terence (D:3)
  3 iguanas
  2 orc wizards
  Ijyb (D:4)
  Robin (D:3)
  5 adders
  8 gnolls
  A shadow imp (D:6)
  A white imp (D:4)
  3 ufetubi
  2 worms (D:2)
  3 dart slugs
  9 orcs
  3 bats
  9 endoplasms
  3 giant cockroaches (D:2)
  9 hobgoblins
  7 kobolds
  5 quokkas
  8 ball pythons
  3 frilled lizards
  21 goblins
  7 rats
141 creatures vanquished.

Notes
Turn   | Place    | Note
-------+----------+-------------------------------------------
     0 | D:1      | LeprechaunX the Octopode Shapeshifter began the quest for
                  | the Orb.
     0 | D:1      | Reached XP level 1. HP: 13/13 MP: 1/1
   121 | D:1      | Reached XP level 2. HP: 15/18 MP: 2/2
   552 | D:1      | Reached XP level 3. HP: 23/23 MP: 3/3
   936 | D:2      | Found Muatyaps's Assorted Antiques.
  1160 | D:2      | Reached skill level 4 in Unarmed Combat
  1160 | D:2      | Reached XP level 4. HP: 26/29 MP: 4/4
  1757 | D:3      | Identified the +4 helmet of Responsibility {rC+}
  1757 | D:3      | Noticed Robin
  1773 | D:3      | Reached XP level 5. HP: 32/34 MP: 5/5
  1997 | D:3      | Killed Robin
  2043 | D:3      | Noticed Terence
  2048 | D:3      | Killed Terence
  2527 | D:4      | Noticed Pikel
  2527 | D:4      | Noticed a lemure
  2527 | D:4      | Noticed a lemure
  2527 | D:4      | Noticed a lemure
  2533 | D:4      | Reached skill level 5 in Unarmed Combat
  2535 | D:4      | Noticed a sky beast
  2784 | D:4      | Reached XP level 6. HP: 41/41 MP: 6/6
  2820 | D:4      | HP: 2/41 [sky beast (5)]
  2821 | D:4      | Killed a sky beast
  3116 | D:4      | Noticed Ijyb
  3126 | D:4      | Killed Ijyb
  3367 | D:4      | Got the Quarto of Different Percussion
  3422 | D:4      | Reached XP level 7. HP: 24/46 MP: 7/7
  3892 | D:3      | Killed Pikel
  3893 | D:3      | Reached skill level 7 in Unarmed Combat
  3893 | D:3      | Reached XP level 8. HP: 34/54 MP: 8/8
  3968 | D:5      | Entered Level 5 of the Dungeon
  4145 | D:5      | Reached skill level 1 in Ranged Weapons
  4248 | D:5      | Reached skill level 5 in Shapeshifting
  4556 | D:6      | Found a staircase to the Ecumenical Temple.
  4575 | Temple   | Entered the Ecumenical Temple
  4596 | Temple   | Became a worshipper of Hepliaklqana the Forgotten
  4783 | D:6      | Reached skill level 5 in Fighting
  4853 | D:6      | Reached XP level 9. HP: 31/61 MP: 9/9
  5159 | D:6      | Reached skill level 8 in Unarmed Combat
  5337 | D:6      | HP: 1/91 [killer bee (7)]
  5338 | D:6      | Succumbed to a killer bee's poison

Illustrated notes

Levels and vault maps discovered:
D:1:      wheals_arrival_linesprint, layout_basic
D:2:      layout_loops_corners, serial_shops, shop, minmay_pentomino_z4
D:3:      layout_loops_ring, kennysheep_generic_room_11, uniq_robin,
          uniq_terence
D:4:      layout_rooms, grunt_ministairs_9, uniq_ijyb, uniq_pikel
D:5:      layout_cave_pools
D:6:      layout_basic, minmay_temple_entry_gardened_gates,
          serial_bayou_lagoon_a, nicolae_houndstooth_variations
Temple:   nicolae_temple_slightly_damp_pantheon

Skill      XL: |  1  2  3  4  5  6  7  8  9 |
---------------+----------------------------+-----
Unarmed Combat | 4 5 7 8 |  8.1
Fighting       | 2 3 4 5 |  5.6
Shapeshifting  | 4 5 6 |  6.1
Ranged Weapons | 2 3 |  3.0
Dodging        | |  2.0

Action                     |  1- 3 |  4- 6 |  7- 9 || total
---------------------------+-------+-------+-------++-------
  Melee: Unarmed           |    64 |   136 |   100 ||   300
         Constrict         |    16 |    28 |    23 ||    67
         Tentacles         |     8 |    23 |    26 ||    57
         Punch             |     3 |    10 |     2 ||    15
   Fire: Sling             |       |       |    51 ||    51
  Throw: Javelin           |       |     4 |       ||     4
    Use: Potion            |       |       |     1 ||     1
   Stab: Sleeping          |     7 |     7 |     1 ||    15
 Armour: Skin              |     4 |     3 |     6 ||    13
  Dodge: Dodged            |    18 |    70 |    34 ||   122
  Block: Other             |     5 |    18 |    23 ||    46
         Reflection        |       |       |     1 ||     1

Table legend: (Time is in decaauts)
 A = Elapsed time spent in this place.
 B = Non-inter-level travel time spent in this place.
 C = Inter-level travel time spent in this place.
 D = Time resting spent in this place.
 E = Time spent auto-exploring this place.
 F = Levels seen in this place.
 G = Mean time per level.
                   A        B        C        D        E       F      G
               +--------+--------+--------+--------+--------+-----+--------+
         Total |   5310 |   4843 |    467 |    795 |   3130 |   7 |  758.6 |
       Dungeon |   5267 |   4841 |    426 |    795 |   3130 |   6 |  877.8 |
        Temple |     42 |      1 |     41 |      0 |      0 |   1 |   42.0 |
               +--------+--------+--------+--------+--------+-----+--------+

Top non-repeatable levels by time:
     D:2: 1086 daAuts
     D:3: 972 daAuts
     D:4: 959 daAuts
     D:1: 933 daAuts
     D:6: 748 daAuts
     D:5: 567 daAuts
  Temple: 42 daAuts
